 Dungeon Crawl Stone Soup version 0.19-a0-1008-g4c63d25 (console) character file.

177 FIQ the Ruffian (level 5, -1/53 HPs)
             Began as a Troll Monk on July 23, 2016.
             Succumbed to an orc priest's poison
             ... on level 3 of the Dungeon on Aug 19, 2016.
             The game lasted 00:07:01 (1139 turns).

FIQ the Ruffian (Troll Monk)                        Turns: 1139, Time: 00:07:02

Health: -1/53      AC:  6    Str: 19    XL:     5   Next: 31%
Magic:  4/4        EV: 11    Int:  6    God:
Gold:   66         SH:  0    Dex: 13    Spells: 0 memorised, 4 levels left

rFire  . . .     SeeInvis .       - Unarmed
rCold  . . .     Gourm    +     a - +0 robe
rNeg   . . .     Faith    .     (no shield)
rPois  .         Spirit   .     (helmet restricted)
rElec  .         Dismiss  .     m - +0 cloak
rCorr  +         Reflect  .     (gloves unavailable)
SustAt .         Harm     .     (boots unavailable)
MR     .....                    (no amulet)
Stlth  +.........               (no ring)
                                d - ring of resist corrosion

@: lethally poisoned (-1 -> -15), not resistant to hostile enchantments, very
unstealthy
A: unfitting armour, claws 3, fast metabolism 3, gourmand, regeneration 2,
shaggy fur 1, tough skin 2
a: no special abilities


You were on level 3 of the Dungeon.
You were completely stuffed.

You visited 1 branch of the dungeon, and saw 3 of its levels.

You collected 66 gold pieces.

Inventory:

Armour
 a - a +0 robe (worn)
 m - a +0 cloak (worn)
Jewellery
 d - a ring of resist corrosion (left claw)
Scrolls
 e - 3 scrolls of teleportation {unknown}
 h - a scroll of random uselessness {unknown}
 k - 2 scrolls of identify {unknown}
 l - a scroll of remove curse {unknown}
Potions
 g - a potion of mutation {unknown}
 i - 2 potions of curing {unknown}
 n - a potion of heal wounds {unknown}
Comestibles
 b - 4 bread rations
 c - a meat ration
 f - 4 chunks of flesh
 j - 5 fruits


   Skills:
 + Level 3.3 Fighting
 + Level 3.1 Dodging
 - Level 1.1 Stealth
 * Level 4.8 Unarmed Combat


You had 4 spell levels left.
You didn't know any spells.

Dungeon Overview and Level Annotations

Branches:
Dungeon (3/15)

Altars:
Ashenzari


Innate Abilities, Weirdness & Mutations

You are too large for most types of armour.
You have claws for hands.
Your metabolism is lightning-fast.
You like to eat raw meat.
You heal very quickly.
You are covered in fur. (AC +1)
You have very tough skin. (AC +2)


Message History

The orc priest is severely wounded.
* * * LOW HITPOINT WARNING * * *
You feel very sick.
The orc priest hits you with a short sword of venom.
* * * LOW HITPOINT WARNING * * *
You scratch the orc priest.
You kill the orc priest!
* * * LOW HITPOINT WARNING * * *
You feel very sick.
* * * LOW HITPOINT WARNING * * *
You feel very sick.
Items here: )) [ †† a short sword of venom; a leather armour; a mace; an orc corpse x2
* * * LOW HITPOINT WARNING * * *
You feel sick.
* * * LOW HITPOINT WARNING * * *
You feel very sick.
Items here: )) [ †† a short sword of venom; a leather armour; a mace; an orc corpse x2
You die...

..# ##.# #... ..#
..# #.# #.# #@#
####)# #..).#
#)####
#####.######
#..........#
#.###.####.# #.#
#...##.####### #.#
###)#.........
#.####.....#######
#..........#


There were no monsters in sight!

Vanquished Creatures
  An orc priest (D:3)
  Natasha (twice) (D:2)
  4 adders (D:2)
  An ooze (D:2)
  2 worms
  2 dart slugs (D:1)
  3 orcs (D:3)
  3 giant cockroaches (D:2)
  6 goblins
  7 hobgoblins
  6 jackals
  2 kobolds (D:2)
  2 bats
  2 giant newts (D:2)
  7 rats
50 creatures vanquished.

Notes
Turn   | Place    | Note
-------+----------+-------------------------------------------
     0 | D:1      | FIQ the Troll Monk began the quest for the Orb.
     0 | D:1      | Reached XP level 1. HP: 22/22 MP: 0/0
   224 | D:1      | Reached XP level 2. HP: 26/29 MP: 1/1
   317 | D:1      | You fall through a shaft!
   335 | D:2      | Found a shattered altar of Ashenzari.
   447 | D:2      | Reached XP level 3. HP: 30/36 MP: 2/2
   482 | D:2      | Noticed Natasha
   490 | D:2      | Killed Natasha
   490 | D:2      | Reached skill level 4 in Unarmed Combat
   490 | D:2      | Reached XP level 4. HP: 44/44 MP: 3/3
   853 | D:2      | Noticed Natasha
   855 | D:2      | Killed Natasha
  1008 | D:3      | Reached XP level 5. HP: 46/53 MP: 4/4
  1138 | D:3      | HP: 1/53 [poisoned by an orc priest]
  1139 | D:3      | Succumbed to an orc priest's poison

Vault maps used:
D:1:      sevenhm_arrival_forest_fort_large_2, minmay_liquid_box, minivault_23
D:2:      nicolae_ashenzari_panopticon, first_bread, uniq_natasha
D:3:      uniq_robin, uniq_grinder

Skill      XL: |  1  2  3  4 |
---------------+-------------+-----
Unarmed Combat | 4 |  4.8
Fighting       | 3 |  3.3
Dodging        | 3 |  3.1
Stealth        | |  1.1

Action                   |  1- 3 |  4- 6 || total
-------------------------+-------+-------++-------
Melee: Unarmed           |    58 |    85 ||   143
       Punch             |     2 |     1 ||     3
  Eat: Chunk             |    10 |     6 ||    16
Armor: Robe              |    13 |    32 ||    45
Dodge: Dodged            |    30 |    33 ||    63
